 Dungeon Crawl Stone Soup version 0.29.1-12-g30fa7ad0bf (webtiles) character file.

Game seed: 3853156087938894393

100 lmSkywalker the Stinger (level 4, -1/30 HPs)
             Began as a Demonspawn Venom Mage on Jan 1, 2023.
             Slain by a gnoll sergeant
             ... wielding a +4 spear of venom
              (3 damage)
             ... on level 5 of the Dungeon.
             The game lasted 00:11:48 (3162 turns).

lmSkywalker the Stinger (Demonspawn Venom Mage)     Turns: 3162, Time: 00:11:48

Health: -1/30      AC:  6    Str:  9    XL:     4   Next: 46%
Magic:  5/8        EV: 12    Int: 18    God:
Gold:   132        SH:  0    Dex: 13    Spells: 5/8 levels left

rFire   . . .      SeeInvis .   n - +1 mace (protect)
rCold   . . .      Faith    .   (no shield)
rNeg    . . .      Spirit   .   a - +0 robe
rPois   .          Reflect  .   m - +2 hat
rElec   .          Harm     .   (no cloak)
rCorr   .          Rampage  .   (no gloves)
Will    .....                   (no boots)
Stlth   ++........              (no amulet)
HPRegen 0.10/turn               (no ring)
MPRegen 0.11/turn               (no ring)

@: mighty, lethally poisoned (-1 -> -11)
A: thin metallic scales 1, foul stench 2
a: no special abilities


You were on level 5 of the Dungeon.
You visited 1 branch of the dungeon, and saw 4 of its levels.

You collected 132 gold pieces.

Inventory:

Hand Weapons
 c - a +0 short sword
 d - a +0 spear
 n - a +1 mace of protection (weapon)
Missiles
 g - 4 boomerangs
Armour
 a - a +0 robe (worn)
 l - a +0 leather armour
 m - a +2 hat (worn)
Scrolls
 e - a scroll of identify {unknown}
 f - a scroll of enchant armour
 h - a scroll of amnesia {unknown}
 k - a scroll of magic mapping {unknown}
 p - a scroll of poison {unknown}
 q - a scroll of enchant weapon {unknown}
Potions
 b - a potion of magic
 i - a potion of might
 j - a potion of heal wounds {unknown}
 o - a potion of attraction {unknown}
 r - a potion of brilliance {unknown}


   Skills:
 - Level 1.7 Dodging
 + Level 2.7 Stealth
 + Level 2.8 Spellcasting
 - Level 1.5 Transmutations
 + Level 1.0 Air Magic
 + Level 3.6 Poison Magic


You had 5 spell levels left.
You knew the following spells:

 Your Spells              Type           Power      Damage    Failure   Level
a - Sting                 Tmut/Pois      44%        1d5       6%          1
b - Poisonous Vapours     Pois/Air       22%        N/A       10%         2

Your spell library contained the following spells:

 Spells                   Type           Power      Damage    Failure   Level
 Mephitic Cloud           Conj/Pois/Air  8%         N/A       26%         3
 Olgreb's Toxic Radiance  Pois           15%        N/A       36%         4


Dungeon Overview and Level Annotations

Branches:
Dungeon (3/15)

Altars:
Ashenzari

Shops:
D:2 =

Annotations:
D:2 Sigmund


Innate Abilities, Weirdness & Mutations

You are partially covered in thin metallic scales. (AC +2)
You sometimes emit foul miasma when damaged in melee.


Message History

Aiming: Sting (safe; 6% risk of failure)
Press: ? - help, Shift-Dir - straight line, f/p - gnoll sergeant
Aim: a gnoll sergeant, wielding a +4 spear of venom and wearing a +0 ring mail (poisoned, 79% to hit)
The sting hits the gnoll sergeant but does no damage.
The gnoll sergeant looks even sicker.
The gnoll shouts!
A gnoll comes into view. It is wielding a +0 club.
Casting: Sting (safe; 6% risk of failure)
Confirm with . or Enter, or press ? or * to list all spells.
Aiming: Sting (safe; 6% risk of failure)
Press: ? - help, Shift-Dir - straight line, f/p - gnoll sergeant
Aim: a gnoll sergeant, wielding a +4 spear of venom and wearing a +0 ring mail (very poisoned, 79% to hit)
Okay, then.
You see here a +0 flail.
Casting: Sting (safe; 6% risk of failure)
Confirm with . or Enter, or press ? or * to list all spells.
Aiming: Sting (safe; 6% risk of failure)
Press: ? - help, Shift-Dir - straight line, f/p - gnoll sergeant
Aim: a gnoll sergeant, wielding a +4 spear of venom and wearing a +0 ring mail (heavily wounded, 79% to hit)
The sting misses the gnoll sergeant.
The gnoll sergeant hits you from afar with a +4 spear of venom!
You are lethally poisoned!
You feel very sick.
Casting: Sting (safe; 6% risk of failure)
Confirm with . or Enter, or press ? or * to list all spells.
Aiming: Sting (safe; 6% risk of failure)
Press: ? - help, Shift-Dir - straight line, f/p - gnoll sergeant
Aim: a gnoll sergeant, wielding a +4 spear of venom and wearing a +0 ring mail (heavily wounded, 79% to hit)
The sting hits the gnoll sergeant but does no damage.
The gnoll sergeant is poisoned.
The gnoll sergeant is heavily wounded.
You feel very sick.
The gnoll sergeant hits you from afar with a +4 spear of venom.
* * * LOW HITPOINT WARNING * * *
It was a potion of might.
You feel very mighty all of a sudden.
* * * LOW HITPOINT WARNING * * *
You feel very sick.
The gnoll sergeant hits you from afar with a +4 spear of venom.
You die...

#.g# #..### #..#.#
#..#.####
#..g.)gg#
#.#.###g#
#.._..#g#
#.#.#.#.#
###.#.#@# #...#.#
###.#.# #.#.#
#.#.### #.....#
###########.#.#
#.........#.#.#
####.#######.#.#.#


You could see a gnoll sergeant (poisoned) and 3 gnolls.

Vanquished Creatures
  A hound (D:3)
  A gnoll (D:5)
  A white imp (D:5)
  3 worms
  6 bats
  3 endoplasms (D:2)
  3 giant cockroaches
  3 goblins
  2 hobgoblins (D:2)
  7 kobolds
  2 quokkas
  5 ball pythons
  5 frilled lizards
  5 rats
47 creatures vanquished.

Vanquished Creatures (others)
  3 fungi (D:2)
  7 plants (D:2)
10 creatures vanquished.

Grand Total: 57 creatures vanquished

Notes
Turn   | Place    | Note
-------+----------+-------------------------------------------
     0 | D:1      | lmSkywalker the Demonspawn Venom Mage began the quest for
                  | the Orb.
     0 | D:1      | Reached XP level 1. HP: 13/13 MP: 3/3
   139 | D:1      | Reached skill level 1 in Transmutations
   463 | D:1      | Gained mutation: You may rarely emit foul miasma when
                  | damaged in melee. [demonic ancestry]
   463 | D:1      | Reached XP level 2. HP: 16/19 MP: 3/5
  1941 | D:2      | Gained mutation: You are partially covered in thin metallic
                  | scales. (AC +2) [demonic ancestry]
  1941 | D:2      | Reached XP level 3. HP: 24/24 MP: 1/6
  2023 | D:2      | Learned a level 2 spell: Poisonous Vapours
  2413 | D:2      | Noticed Sigmund
  2504 | D:2      | Found Junamaid's Jewellery Boutique.
  2660 | D:3      | Gained mutation: You sometimes emit foul miasma when
                  | damaged in melee. [demonic ancestry]
  2660 | D:3      | Reached XP level 4. HP: 23/30 MP: 4/8
  2911 | D:3      | You fall into a shaft and drop 2 floors!
  2911 | D:5      | Entered Level 5 of the Dungeon
  2975 | D:5      | Reached skill level 1 in Air Magic
  3085 | D:5      | Found a broken altar of Ashenzari.
  3144 | D:5      | Noticed a gnoll sergeant
  3162 | D:5      | Slain by a gnoll sergeant

Illustrated notes

Levels and vault maps discovered:
D:1:      roderic_chinese_lattice_arrival, layout_loops_ring,
          due_unseen_surprise
D:2:      layout_basic, shapermc_ecumenical_altar_mp_urbaneastern, serial_shops,
          shop, minmay_domino_4, uniq_sigmund
D:3:      layout_rooms, mainiacjoe_overflow_small_starburst
D:5:      layout_basic, lemuel_crystal_altar, mainiacjoe_overflow_boulevard,
          hangedman_decor_peaks_small

Skill      XL: |  1  2  3  4 |
---------------+-------------+-----
Transmutations | 1 |  1.5
Stealth        | 2 |  2.7
Air Magic      | 1 |  1.0
Dodging        | |  1.7
Spellcasting   | |  2.8
Poison Magic   | |  3.6

Action                   |  1- 3 |  4- 6 || total
-------------------------+-------+-------++-------
Melee: Unarmed           |    16 |       ||    16
       Spear             |    85 |       ||    85
       Mace              |    22 |    20 ||    42
 Cast: Sting             |    40 |    10 ||    50
       Poisonous Vapours |     5 |     5 ||    10
  Use: Potion            |     1 |     1 ||     2
       Scroll            |       |     1 ||     1
 Stab: Sleeping          |     7 |       ||     7
Armor: Robe              |    35 |     7 ||    42
Dodge: Dodged            |   108 |     7 ||   115
